 Dungeon Crawl Stone Soup version 0.29-a0-542-g075992c915 (webtiles) character file.

Game seed: 4487836047163868033

38 Sabo the Covered (level 3, -2/24 HPs)
             Began as a Gargoyle Fighter on June 4, 2022.
             Slain by an ogre
             ... wielding a +0 giant club
              (26 damage)
             ... on level 2 of the Dungeon.
             The game lasted 00:08:21 (1919 turns).

Sabo the Covered (Gargoyle Fighter)                 Turns: 1919, Time: 00:08:22

Health: -2/24      AC: 12    Str: 21    XL:     3   Next: 43%
Magic:  3/3        EV:  9    Int:  8    God:
Gold:   64         SH:  4    Dex:  9    Spells: 2/2 levels left

rFire   . . .      SeeInvis .   k - +2 hand axe (freeze)
rCold   . . .      Faith    .   c - +0 buckler
rNeg    + . .      Spirit   .   b - +0 scale mail
rPois   ∞          Reflect  .   j - +0 helmet
rElec   +          Harm     .   g - +0 cloak
rCorr   .          Rampage  .   (no gloves)
Will    .....                   (no boots)
Stlth   ..........              (no amulet)
HPRegen 0.08/turn               (no ring)
MPRegen 0.08/turn               (no ring)

@: no status effects
A: sickness immunity, AC +3, negative energy resistance 1, electricity
resistance, torment resistance 1, petrification resistance
a: no special abilities


You were on level 2 of the Dungeon.
You visited 1 branch of the dungeon, and saw 2 of its levels.

You collected 64 gold pieces.

Inventory:

Hand Weapons
 a - a +0 flail
 k - a +2 hand axe of freezing (weapon)
Armour
 b - a +0 scale mail (worn)
 c - a +0 buckler (worn)
 g - a +0 cloak (worn)
 j - a +0 helmet (worn)
Scrolls
 h - a scroll of immolation {unknown}
 m - a scroll of enchant weapon {unknown}
 n - a scroll of amnesia {unknown}
Potions
 d - a potion of might
 e - 2 potions of curing
 f - a potion of heal wounds {unknown}
 i - a potion of brilliance {unknown}
 l - a potion of haste {unknown}
 o - a potion of attraction {unknown}


   Skills:
 + Level 3.7 Fighting
 + Level 0.1(1.2) Axes
 + Level 2.2 Maces & Flails
 + Level 3.8 Armour
 + Level 0.2 Dodging
 + Level 0.2 Stealth
 + Level 3.6 Shields


You had 2 spell levels left.
You didn't know any spells.
Your spell library was empty.

Dungeon Overview and Level Annotations

Branches:
Dungeon (2/15)

Altars:


Innate Abilities, Weirdness & Mutations

You are immune to sickness and miasma.
Your stone body is resilient. (AC +3)
You are immune to poison.
You resist negative energy. (rN+)
You are resistant to electric shocks. (rElec)
You are resistant to unholy torment.
You are immune to petrification.


Message History

You hit the hobgoblin. You freeze the hobgoblin.
You kill the hobgoblin!
Things that are here:
21 stones; a hobgoblin corpse You start waiting.
Done waiting.
There is a stone staircase leading down here.
A goblin comes into view. It is wielding a +0 dagger.
The goblin shouts!
Found 16 gold pieces.
You hit the goblin. You freeze the goblin.
You kill the goblin!
You see here a +0 dagger.
You now have 56 gold pieces (gained 16).
Found a stone staircase leading up.
Found 8 gold pieces.
You now have 64 gold pieces (gained 8).
Found a stone staircase leading up.
As you open the large door, it creaks loudly!
Found a club.
A rat comes into view.
Found a fuming amethyst potion.
There is a large open door here.
You hit the rat. You freeze the rat.
The rat is severely wounded.
The rat bites you but does no damage.
You slash the rat! You freeze the rat.
You kill the rat!
Things that are here:
a +0 club; a +0 dagger Why would you want to do that?
o - a fuming amethyst potion
There is a large open door here.
Found a stone staircase leading down.
An ogre comes into view. It is wielding a +0 giant club.
The ogre shouts!
The ogre moves out of view.
The ogre hits you with a +0 giant club!!
Ouch! That really hurt!
You die...

###############
............>#
##...........#
#####............#
#................####
#...................#
#...@...........###.#
#....O###.........#.#
#........######..##.#.#
#........# #..##...# ##
..........# #..##....
.# ..........#
#..##.... .#
....####+## #..######
.# .... ... #..# .#
..........# ... #..#


You could see an ogre.

Vanquished Creatures
  3 dart slugs
  2 endoplasms (D:1)
  A giant cockroach (D:1)
  5 goblins
  3 hobgoblins
  A kobold (D:1)
  3 quokkas
  3 ball pythons
  2 bats (D:1)
  6 rats
29 creatures vanquished.

Notes
Turn   | Place    | Note
-------+----------+-------------------------------------------
     0 | D:1      | Sabo the Gargoyle Fighter began the quest for the Orb.
     0 | D:1      | Reached XP level 1. HP: 14/14 MP: 1/1
   600 | D:1      | Reached XP level 2. HP: 19/19 MP: 2/2
  1191 | D:2      | Reached XP level 3. HP: 23/23 MP: 3/3
  1916 | D:2      | Noticed an ogre
  1919 | D:2      | Slain by an ogre

Illustrated notes

Levels and vault maps discovered:
D:1:      dpeg_arrival_stone_temple_mockup, layout_loops_corners,
          minmay_misc_feat_plants
D:2:      layout_basic, kennysheep_generic_room_6, uniq_terence

Action                   || total
-------------------------++-------
Melee: Flail             ||    26
       Hand axe          ||    46
  Use: Potion            ||     1
Armor: Scale mail        ||    35
Dodge: Dodged            ||    34
Block: Buckler           ||    15

Table legend: (Time is in decaauts)
 A = Elapsed time spent in this place.
 B = Non-inter-level travel time spent in this place.
 C = Inter-level travel time spent in this place.
 D = Time resting spent in this place.
 E = Time spent auto-exploring this place.
 F = Levels seen in this place.
 G = Mean time per level.
                   A        B        C        D        E       F      G
               +--------+--------+--------+--------+--------+-----+--------+
         Total |   1939 |   1939 |      0 |    375 |      0 |   2 |  969.5 |
       Dungeon |   1939 |   1939 |      0 |    375 |      0 |   2 |  969.5 |
               +--------+--------+--------+--------+--------+-----+--------+

Top non-repeatable levels by time:
     D:1: 1197 daAuts
     D:2: 741 daAuts
